Description

Build order guide from SpeCial for TvT.

Replay - [SPECIAL]TvT

Build Order

Get SALT Encoding   

  12  0:00  SCV  
  13  0:12  SCV  
  14  0:18  Supply Depot  
  14  0:24  SCV  
  15  0:39  SCV  
  15  0:40  Barracks  
  16  0:44  Refinery  
  16  0:51  SCV  
  16  0:53  Refinery  
  17  1:03  SCV  
  18  1:15  SCV  
  19  1:28  Reaper  
  19  1:29  Orbital Command  
  19  1:30  Supply Depot  
  20  1:42  Factory  
  20  1:54  SCV  
  21  2:01  Reaper  
  22  2:09  SCV  
  23  2:19  Command Center  
  23  2:22  SCV  
  24  2:26  Hellion  
  26  2:33  Starport  
  26  2:35  Barracks Reactor  
  27  2:47  Supply Depot  
  27  2:48  Widow Mine  
  31  3:12  Factory Tech Lab  
  31  3:13  Marine x2, Starport Tech Lab  
  31  3:17  Refinery  
  34  3:30  Cyclone  
  34  3:31  Orbital Command  
  34  3:32  Marine  
  39  3:40  Raven  
  43  3:52  Marine x2  
  46  4:02  Supply Depot  
  46  4:04  Siege Tank  
  53  4:17  Raven  
  54  4:25  Supply Depot  
  56  4:35  Command Center  
  56  4:37  Interference Matrix  
  60  4:51  Raven  
  61  4:56  Siege Tank  
  61  4:59  Marine x2  
  71  5:28  Siege Tank  
  74  5:29  Barracks x2  
  74  5:30  Refinery  
  76  5:44  Viking x2  
  76  5:45  Marine  
  76  5:47  Stimpack  
  83  5:50  Orbital Command  
  83  6:02  Marine, Siege Tank  
  89  6:12  Engineering Bay x2  
  89  6:17  Viking x2  
  93  6:20  Orbital Command  
  93  6:23  Barracks Reactor x2  
  93  6:24  Marine  
  96  6:36  Barracks x2  
  98  6:42  Siege Tank  
  103  6:54  Viking x2  
  111  7:10  Terran Infantry Armor Level 1, Terran Infantry Weapons Level 1  
  117  7:17  Refinery x2  
  118  7:25  Barracks Reactor x2, Sensor Tower  
  122  7:31  Combat Shield  
  125  7:43  Medivac x2  
  134  7:53  Factory  
  136  7:58  Siege Tank  
  145  8:09  Armory  
  148  8:15  Medivac x2  
  155  8:28  Command Center  
  155  8:30  Siege Tank  
  166  8:53  Barracks  
  169  8:59  Barracks Reactor, Barracks x2  
  181  9:22  Sensor Tower  
Spawning Tool Build Advisor. Get it on Overwolf

Go to:

Details

  • Created by: Redwood
  • Published on: Sep 20, 2025
  • Modified on: Sep 20, 2025
  • Patch: 5.0.11
  • Difficulty: Medium
Show
View Real Time Build Order
Export as new Build Order

Comments (0)

There are no comments. Be the first!

Create an account to comment!